 Dungeon Crawl Stone Soup version 0.18-a0-5-gf1fb587 (webtiles) character file.

476 braksdos the Skirmisher (level 6, -1/53 HPs)
             Began as a Draconian Skald on Nov 1, 2015.
             Slain by an orc wizard
             ... wielding a +0 dagger
              (3 damage)
             ... on level 4 of the Dungeon.
             The game lasted 00:13:52 (3849 turns).

braksdos the Skirmisher (Draconian Skald)           Turns: 3849, Time: 00:13:52

Health: -1/53      AC:  8    Str: 17    XL:     6   Next: 85%
Magic:  2/9        EV: 11    Int: 15    God:
Gold:   78         SH:  0    Dex: 10    Spells: 3 memorised, 2 levels left

rFire  . . .     SeeInvis .     a - +0 spear
rCold  . . .     Clarity  .     (armour unavailable)
rNeg   . . .     SustAt   .     (no shield)
rPois  .         Gourm    .     (helmet restricted)
rElec  .         Spirit   .     (no cloak)
rCorr  .         Warding  .     p - +0 pair of gloves {Str+3}
rMut   .         Rnd*Tele +     j - +0 pair of boots
MR     .....                    (no amulet)
Stlth  +.........               (no ring)
                                (no ring)

@: not resistant to hostile enchantments, very unstealthy
A: unfitting armour, teleportitis 1, cold-blooded, AC +6
a: no special abilities


You were on level 4 of the Dungeon.
You were not hungry.

You visited 1 branch of the dungeon, and saw 5 of its levels.

You collected 181 gold pieces.
You spent 103 gold pieces at shops.

Inventory:

Hand Weapons
 a - a +0 spear (weapon)
Missiles
 u - 2 tomahawks of returning (quivered)
Armour
 i - a +0 buckler
 j - a +0 pair of boots (worn)
 p - a +0 pair of gloves of strength (worn)
Jewellery
 g - a cursed ring of loudness
 s - an uncursed ring of sustain attributes {unknown}
Scrolls
 f - a scroll of recharging
 k - a scroll of amnesia
 l - 2 scrolls of remove curse
 r - a scroll of blinking
Potions
 h - a potion of flight
Books
 b - a book of Battle

   Spells                             Type                      Level
   a - Infusion                       Charms                       1
   b - Shroud of Golubria             Charms/Translocation         2
   c - Song of Slaying                Charms                       2
   d - Spectral Weapon                Hexes/Charms                 3
   e - Regeneration                   Charms/Necromancy            3
Comestibles
 c - 3 bread rations
 m - 2 chunks of flesh
 x - 2 meat rations


   Skills:
 + Level 4.5 Fighting
 + Level 4.4 Polearms
 - Level 1.3 Dodging
 - Level 2.0 Spellcasting
 + Level 3.1 Hexes
 + Level 3.7 Charms


You had 2 spell levels left.
You knew the following spells:

 Your Spells              Type           Power        Failure   Level  Hunger
a - Infusion              Chrm           ##....       6%          1    #......
b - Regeneration          Chrm/Necr      #.........   34%         3    ###....
c - Spectral Weapon       Hex/Chrm       ##......     21%         3    ###....


Dungeon Overview and Level Annotations

Branches:
Dungeon (5/15)
 Temple: D:4-7

Altars:
Ashenzari
Dithmenos

Shops:
D:4 [


Innate Abilities, Weirdness & Mutations

Your plain brown scales are hard (AC +6).
Your body does not fit into most forms of armour.
You are cold-blooded and may be slowed by cold attacks.
You are occasionally teleported to nearby monsters.


Message History

The iguana is lightly wounded.
You are no longer magically infusing your attacks.
The iguana bites you!
* * * LOW HITPOINT WARNING * * *
You hit the iguana.
The iguana is lightly wounded.
The iguana bites you but does no damage.
You hit the iguana.
The iguana is lightly wounded.
The iguana bites you!
* * * LOW HITPOINT WARNING * * *
You see here a short sword.
There is an open door here.
The orc wizard barely misses you. The orc wizard closely misses you.
The orc wizard closely misses you.
The orc wizard casts a spell.
The orc wizard blinks!
The orc wizard hits you with a dagger.
You die...

#. ##. #.. #.. #..
#####################.
##..<.##.....##.....##.
#.............#........
#.....@..l....'........
#....o........#.)......
#............##.)...##.
##....##.....#########.
#######.....##........
#.....#......##+
#.....'......##.
#.....#......#..
#..ยง..##.....##.


You could see an iguana and an orc wizard.

Vanquished Creatures
  Menkaure (D:4)
  A giant frog zombie (D:4)
  2 hounds (D:4)
  2 orc priests
  A worker ant (D:4)
  An orc wizard (D:3)
  A hound skeleton (D:4)
  4 adders
  2 oozes
  3 worms
  5 giant geckos
  4 orcs
  A ball python (D:2)
  7 bats
  8 giant cockroaches
  10 goblins
  7 hobgoblins
  11 kobolds
  4 quokkas
  5 giant newts
  7 rats
87 creatures vanquished.

Notes
Turn   | Place    | Note
--------------------------------------------------------------
     0 | D:1      | braksdos the Draconian Skald began the quest for the Orb.
     0 | D:1      | Reached XP level 1. HP: 17/17 MP: 3/3
   280 | D:1      | Reached XP level 2. HP: 25/25 MP: 5/5
   439 | D:1      | Reached skill level 3 in Charms
   675 | D:1      | Reached XP level 3. HP: 30/30 MP: 6/6
  1291 | D:2      | Learned a level 3 spell: Regeneration
  1329 | D:2      | Found a shattered altar of Ashenzari.
  1916 | D:2      | Reached XP level 4. HP: 34/38 MP: 2/7
  2456 | D:3      | Learned a level 3 spell: Spectral Weapon
  2562 | D:3      | Reached skill level 1 in Hexes
  2562 | D:3      | Reached XP level 5. HP: 43/45 MP: 2/8
  2934 | D:4      | Found Fuak's Antique Armour Boutique.
  2967 | D:4      | Bought a pair of runed gloves for 103 gold pieces
  3069 | D:4      | Found a shadowy altar of Dithmenos.
  3085 | D:4      | Gained mutation: You are dopey. (Int -2) [potion of mutation]
  3085 | D:4      | Lost mutation: You are dopey. (Int -2) [potion of mutation]
  3085 | D:4      | Gained mutation: You are occasionally teleported to nearby monsters. [potion of mutation]
  3102 | D:4      | Noticed Menkaure
  3121 | D:4      | Killed Menkaure
  3121 | D:4      | Reached skill level 4 in Fighting
  3121 | D:4      | Reached XP level 6. HP: 28/52 MP: 2/9
  3583 | D:5      | Entered Level 5 of the Dungeon
  3839 | D:4      | HP: 1/53 [iguana (12)]
  3849 | D:4      | Slain by an orc wizard

Vault maps used:
D:1:      dpeg_arrival_signposts
D:2:      evilmike_ruin_ashenzari
D:3:      first_bread
D:4:      grunt_dithmenos_smoke, serial_shops, shop, feat_on_display,
          uniq_menkaure
D:5:      enter_ossuary_1, basic_altar, portal_sewer_entry_b,
          nicolae_tso_besieged_by_evil

Action                   |  1- 3 |  4- 6 || total
-------------------------+-------+-------++-------
Melee: Spear             |   179 |   197 ||   376
Throw: Tomahawk          |       |     4 ||     4
 Cast: Infusion          |    13 |    16 ||    29
       Regeneration      |       |     3 ||     3
       Spectral Weapon   |       |     2 ||     2
  Use: Scroll            |       |    13 ||    13
       Potion            |       |    11 ||    11
 Stab: Sleeping          |     4 |       ||     4
  Eat: Chunk             |     2 |     4 ||     6
       Pizza             |     1 |       ||     1
       Fruit             |       |     2 ||     2
       Meat ration       |       |     1 ||     1
